| TOP OF THE 1ST |
|
San Diego (APP) Padres batting - Pitching for Helena Brewers : RHP Franklin Arroyo
|
|
Pitching: RHP Franklin Arroyo
|
|
|
Batting: RHB Elias Vences
|
0-0: Ball 1-0: Ball 2-0: Ball 3-0: Base on Balls
|
|
Batting: RHB Aaron Joseph
|
0-0: Ball 1-0: Ball Elias Vences steals 2nd base 2-0: Foul Ball, location: 2F 2-1: Ground out 6-3 (Groundball, 6, EV 98.1 MPH)
|
|
Batting: LHB Carlos Cuellar
|
0-0: Called Strike 0-1: Fly out, F9 (Line Drive, 9, EV 99.4 MPH)
|
|
Batting: RHB Kalidas Mishra
|
0-0: Foul Ball, location: 2F 0-1: Ball 1-1: Ball 2-1: SINGLE (Line Drive, 9LS, EV 91.2 MPH) Elias Vences to third Runner from 3rd tries for Home, throw by RF and OUT! 9-2
|
| Top of the 1st over - 0 runs, 1 hit, 0 errors, 1 left on base; San Diego (APP) 0 - Helena 0 |
| BOTTOM OF THE 1ST |
|
Helena Brewers batting - Pitching for San Diego (APP) Padres : RHP Liam Tate
|
|
Pitching: RHP Liam Tate
|
|
|
Batting: RHB Victor Alarcon
|
0-0: Ball 1-0: Fly out, F8 (Flyball, 89M, EV 85.6 MPH)
|
|
Batting: LHB Karel Hort
|
0-0: Ball 1-0: Ball 2-0: Ball 3-0: Called Strike 3-1: Base on Balls
|
|
Batting: RHB Ryan Miller
|
0-0: DOUBLE (Line Drive, 89D, EV 106.9 MPH) Karel Hort to third
|
|
Batting: SHB Orlando Torres
|
0-0: Called Strike 0-1: Ground out 5-3 (Groundball, 5, EV 81.9 MPH)
|
|
Batting: LHB Greg Reedy
|
0-0: Ball 1-0: Called Strike 1-1: Ball 2-1: Called Strike 2-2: Strikes out swinging
|
| Bottom of the 1st over - 0 runs, 1 hit, 0 errors, 2 left on base; San Diego (APP) 0 - Helena 0 |
| TOP OF THE 2ND |
|
San Diego (APP) Padres batting - Pitching for Helena Brewers : RHP Franklin Arroyo
|
|
Batting: SHB Isaiah Scates
|
0-0: Called Strike 0-1: Foul Ball, location: 2F 0-2: Ground out 4-3 (Groundball, 4, EV 90.6 MPH)
|
|
Batting: RHB Bryan Pitcher
|
0-0: Ball 1-0: Ball 2-0: Ball 3-0: Base on Balls
|
|
Batting: RHB Ricardo Ortiz
|
0-0: Ball 1-0: Ball 2-0: Ball 3-0: Base on Balls Bryan Pitcher to second
|
|
Batting: RHB Ed Oake
|
0-0: Ball 1-0: Ball 2-0: Called Strike 2-1: Swinging Strike 2-2: Strikes out swinging
|
|
Batting: RHB Hugo Montemayor
|
0-0: Called Strike 0-1: Ball 1-1: Called Strike 1-2: Strikes out swinging
|
| Top of the 2nd over - 0 runs, 0 hits, 0 errors, 2 left on base; San Diego (APP) 0 - Helena 0 |
| BOTTOM OF THE 2ND |
|
Helena Brewers batting - Pitching for San Diego (APP) Padres : RHP Liam Tate
|
|
Batting: RHB Jose Cerritos
|
0-0: Called Strike 0-1: Ball 1-1: Ground out 4-3 (Groundball, 4S, EV 63.8 MPH)
|
|
Batting: RHB Alfredo Sena
|
0-0: Ball 1-0: Foul Ball, location: 2F 1-1: Foul Ball, location: 2F 1-2: Ball 2-2: Ground out 4-3 (Groundball, 4, EV 79.4 MPH)
|
|
Batting: LHB Danny Bautista
|
0-0: Ball 1-0: Called Strike 1-1: Swinging Strike 1-2: Ball 2-2: Ball 3-2: Foul Ball, location: 2F 3-2: Base on Balls
|
|
Batting: RHB Wiliama Dana
|
0-0: Foul Ball, location: 2F 0-1: TRIPLE (Flyball, 7LD, EV 94.4 MPH) Danny Bautista scores
|
|
Batting: RHB Victor Alarcon
|
0-0: Ball 1-0: Foul Ball, location: 2F 1-1: Ball 2-1: Swinging Strike 2-2: Foul Ball, location: 2F 2-2: Ball 3-2: Fly out, F6 (Popup, 6, EV 58.8 MPH)
|
| Bottom of the 2nd over - 1 run, 1 hit, 0 errors, 1 left on base; San Diego (APP) 0 - Helena 1 |
| TOP OF THE 3RD |
|
San Diego (APP) Padres batting - Pitching for Helena Brewers : RHP Franklin Arroyo
|
|
Batting: RHB Elias Vences
|
0-0: Called Strike 0-1: Called Strike 0-2: Foul Ball, location: 2F 0-2: Strikes out looking
|
|
Batting: RHB Aaron Joseph
|
0-0: Foul Ball, location: 2F 0-1: Swinging Strike 0-2: Fly out, F9 (Flyball, 89S, EV 91.9 MPH)
|
|
Batting: LHB Carlos Cuellar
|
0-0: Foul Ball, location: 2F 0-1: Ball 1-1: Ball 2-1: Foul Ball, location: 2F 2-2: Ball 3-2: Base on Balls
|
|
Batting: RHB Kalidas Mishra
|
0-0: Swinging Strike 0-1: DOUBLE (Groundball, 5L, EV 106.2 MPH) Carlos Cuellar to third Runner from 3rd tries for Home, SAFE, no throw by LF
|
|
Batting: SHB Isaiah Scates
|
0-0: Foul Ball, location: 2F 0-1: Foul Ball, location: 2F 0-2: Foul Ball, location: 2F 0-2: Fly out, F2 (Popup, 2LF, EV 80.0 MPH)
|
| Top of the 3rd over - 1 run, 1 hit, 0 errors, 1 left on base; San Diego (APP) 1 - Helena 1 |
| BOTTOM OF THE 3RD |
|
Helena Brewers batting - Pitching for San Diego (APP) Padres : RHP Liam Tate
|
|
Batting: LHB Karel Hort
|
0-0: Called Strike 0-1: Called Strike 0-2: Ball 1-2: Ground out 5-3 (Groundball, 56, EV 95.6 MPH)
|
|
Batting: RHB Ryan Miller
|
0-0: Ball 1-0: Ball 2-0: Called Strike 2-1: Foul Ball, location: 2F 2-2: Strikes out swinging
|
|
Batting: SHB Orlando Torres
|
0-0: Ball 1-0: Called Strike 1-1: Ground out U3 (Groundball, 34S, EV 86.9 MPH)
|
| Bottom of the 3rd over - 0 runs, 0 hits, 0 errors, 0 left on base; San Diego (APP) 1 - Helena 1 |
| TOP OF THE 4TH |
|
San Diego (APP) Padres batting - Pitching for Helena Brewers : RHP Franklin Arroyo
|
|
Batting: RHB Bryan Pitcher
|
0-0: SINGLE (Groundball, 3D, EV 95.0 MPH)
|
|
Batting: RHB Ricardo Ortiz
|
0-0: Ball 1-0: Swinging Strike Bryan Pitcher is caught stealing 2nd base 2-4 1-1: Swinging Strike 1-2: Ball 2-2: Ball 3-2: Foul Ball, location: 2F 3-2: Base on Balls
|
|
Batting: RHB Ed Oake
|
0-0: Foul Ball, location: 2F 0-1: Reached on error, E3 (Groundball, 23, EV 86.9 MPH) Ricardo Ortiz to second
|
|
Batting: RHB Hugo Montemayor
|
0-0: Ball 1-0: Called Strike 1-1: Ground out U3 (Groundball, 34, EV 91.2 MPH) Ricardo Ortiz to third Ed Oake to second
|
|
Batting: RHB Elias Vences
|
0-0: Called Strike 0-1: Ball 1-1: Ball 2-1: Ball 3-1: Called Strike 3-2: Fly out, F9 (Flyball, 9D, EV 90.6 MPH)
|
| Top of the 4th over - 0 runs, 1 hit, 1 error, 2 left on base; San Diego (APP) 1 - Helena 1 |
| BOTTOM OF THE 4TH |
|
Helena Brewers batting - Pitching for San Diego (APP) Padres : RHP Liam Tate
|
|
Batting: LHB Greg Reedy
|
0-0: Ball 1-0: Ball 2-0: Ball 3-0: Base on Balls
|
|
Batting: RHB Jose Cerritos
|
0-0: Called Strike 0-1: Fly out, F3 (Popup, 3F, EV 74.4 MPH)
|
|
Batting: RHB Alfredo Sena
|
0-0: Ball 1-0: Called Strike 1-1: Ball 2-1: Foul Ball, location: 2F 2-2: Ball 3-2: Base on Balls Greg Reedy to second
|
|
Batting: LHB Danny Bautista
|
0-0: Called Strike 0-1: SINGLE (Groundball, 6M, EV 98.8 MPH) Greg Reedy to third Alfredo Sena to second
|
|
Batting: RHB Wiliama Dana
|
0-0: Fielders Choice at 2nd, 4-6 (Groundball, 4, EV 106.9 MPH) Greg Reedy scores Alfredo Sena to third
|
|
Batting: RHB Victor Alarcon
|
0-0: Ball 1-0: Fly out, F9 (Flyball, 9S, EV 88.1 MPH)
|
| Bottom of the 4th over - 1 run, 1 hit, 0 errors, 2 left on base; San Diego (APP) 1 - Helena 2 |
| TOP OF THE 5TH |
|
San Diego (APP) Padres batting - Pitching for Helena Brewers : RHP Franklin Arroyo
|
|
Batting: RHB Aaron Joseph
|
0-0: Fly out, F8 (Flyball, 89S, EV 90.6 MPH)
|
|
Batting: LHB Carlos Cuellar
|
0-0: SINGLE (Groundball, 34D, EV 99.4 MPH)
|
|
Batting: RHB Kalidas Mishra
|
0-0: Swinging Strike 0-1: Ball 1-1: Foul Ball, location: 2F 1-2: Strikes out looking
|
|
Pitching: LHP Tony Salazar
|
|
|
Batting: SHB Isaiah Scates
|
0-0: Foul Ball, location: 2F 0-1: Ball 1-1: Ball 2-1: SINGLE (Line Drive, 5L, EV 98.1 MPH) Carlos Cuellar to second
|
|
Batting: RHB Bryan Pitcher
|
0-0: Ball 1-0: Ball 2-0: Fielders Choice at 2nd, 5-4 (Groundball, 56, EV 83.1 MPH)
|
| Top of the 5th over - 0 runs, 2 hits, 0 errors, 2 left on base; San Diego (APP) 1 - Helena 2 |
| BOTTOM OF THE 5TH |
|
Helena Brewers batting - Pitching for San Diego (APP) Padres : RHP Liam Tate
|
|
Batting: LHB Karel Hort
|
0-0: Ball 1-0: Ball 2-0: Foul Ball, location: 2F 2-1: Fly out, F7 (Flyball, 7LSF, EV 91.9 MPH)
|
|
Batting: RHB Ryan Miller
|
0-0: SINGLE (Flyball, 7LS, EV 98.8 MPH)
|
|
Batting: SHB Orlando Torres
|
0-0: Ground out 4-3 (Groundball, 4S, EV 73.1 MPH) Ryan Miller to second
|
|
Batting: LHB Greg Reedy
|
0-0: Ball 1-0: Swinging Strike 1-1: Ball 2-1: Ball 3-1: Ground out 4-3 (Groundball, 34, EV 98.8 MPH)
|
| Bottom of the 5th over - 0 runs, 1 hit, 0 errors, 1 left on base; San Diego (APP) 1 - Helena 2 |
| TOP OF THE 6TH |
|
San Diego (APP) Padres batting - Pitching for Helena Brewers : LHP Tony Salazar
|
|
Batting: RHB Ricardo Ortiz
|
0-0: SINGLE (Groundball, 6MD, EV 103.8 MPH)
|
|
Batting: RHB Ed Oake
|
0-0: TRIPLE (Flyball, 78XD, EV 105.0 MPH) Ricardo Ortiz scores
|
|
Pinch Hitting: RHB Brian Klinkner
|
0-0: Foul Ball, location: 2F 0-1: Called Strike 0-2: Strikes out swinging
|
|
Batting: RHB Elias Vences
|
0-0: Called Strike 0-1: Foul Ball, location: 2F 0-2: Ball 1-2: Foul Ball, location: 2F 1-2: Ball 2-2: Ground out 4-3 (Groundball, 4, EV 87.5 MPH)
|
|
Batting: RHB Aaron Joseph
|
0-0: Ball Wild Pitch! Ed Oake scores 1-0: Called Strike 1-1: Ball 2-1: DOUBLE (Line Drive, 78XD, EV 100.0 MPH)
|
|
Batting: LHB Carlos Cuellar
|
0-0: Ball 1-0: Swinging Strike 1-1: Foul Ball, location: 2F 1-2: Strikes out swinging
|
| Top of the 6th over - 2 runs, 3 hits, 0 errors, 1 left on base; San Diego (APP) 3 - Helena 2 |
| BOTTOM OF THE 6TH |
|
Helena Brewers batting - Pitching for San Diego (APP) Padres : RHP Liam Tate
|
|
Now at 2B: Max Stillo
|
|
|
Batting: RHB Jose Cerritos
|
0-0: Ball 1-0: Ball 2-0: Foul Ball, location: 2F 2-1: Ball 3-1: Swinging Strike 3-2: Strikes out swinging
|
|
Batting: RHB Alfredo Sena
|
0-0: Ball 1-0: Ball 2-0: Foul Ball, location: 2F 2-1: Ball 3-1: Called Strike 3-2: SINGLE (Groundball, 34D, EV 96.2 MPH)
|
|
Batting: LHB Danny Bautista
|
0-0: Swinging Strike 0-1: Foul Ball, location: 2F 0-2: Ball 1-2: Foul Ball, location: 2F 1-2: Fielders Choice at 2nd, 4-6 (Groundball, 4, EV 88.1 MPH)
|
|
Batting: RHB Wiliama Dana
|
0-0: Swinging Strike 0-1: Ball 1-1: Ball 2-1: Fly out, F9 (Flyball, 9, EV 96.9 MPH)
|
| Bottom of the 6th over - 0 runs, 1 hit, 0 errors, 1 left on base; San Diego (APP) 3 - Helena 2 |
| TOP OF THE 7TH |
|
San Diego (APP) Padres batting - Pitching for Helena Brewers : LHP Tony Salazar
|
|
Pitching: RHP Mark Frizzell
|
|
|
Batting: RHB Kalidas Mishra
|
0-0: Ball 1-0: Ball 2-0: Called Strike 2-1: SOLO HOME RUN (Flyball, 9D, EV 98.1 MPH), Distance : 374 ft
|
|
Batting: SHB Isaiah Scates
|
0-0: Ball 1-0: Ball 2-0: Ball 3-0: Called Strike 3-1: Base on Balls
|
|
Batting: RHB Bryan Pitcher
|
0-0: Sac Bunt to 5S - play at first, batter OUT! 5-3 Isaiah Scates to second
|
|
Batting: RHB Ricardo Ortiz
|
0-0: Intentional Walk
|
|
Batting: RHB Ed Oake
|
0-0: Called Strike 0-1: Ball 1-1: DOUBLE (Groundball, 5L, EV 98.8 MPH) Isaiah Scates scores Ricardo Ortiz to third Runner from 3rd tries for Home, SAFE, throw by LF to home
|
|
Pitching: LHP Jon Ortiz
|
|
|
Batting: RHB Max Stillo
|
0-0: Ball 1-0: Ball 2-0: Called Strike 2-1: Ball 3-1: Base on Balls
|
|
Batting: RHB Elias Vences
|
0-0: Ball 1-0: Called Strike 1-1: Ball 2-1: Ball 3-1: Base on Balls Ed Oake to third Max Stillo to second
|
|
Batting: RHB Aaron Joseph
|
0-0: Ball 1-0: Foul Ball, location: 2F 1-1: Called Strike 1-2: Fly out, F7 (Flyball, 78D, EV 102.5 MPH)
|
|
Batting: LHB Carlos Cuellar
|
0-0: Called Strike 0-1: Called Strike 0-2: SINGLE (Groundball, 34D, EV 105.6 MPH) Ed Oake scores Max Stillo to third Elias Vences to second Runner from 3rd tries for Home, throw by RF and OUT! 9-2
|
| Top of the 7th over - 4 runs, 3 hits, 0 errors, 2 left on base; San Diego (APP) 7 - Helena 2 |
| BOTTOM OF THE 7TH |
|
Helena Brewers batting - Pitching for San Diego (APP) Padres : RHP Liam Tate
|
|
Batting: RHB Victor Alarcon
|
0-0: Ground out 6-3 (Groundball, 6, EV 91.2 MPH)
|
|
Batting: LHB Karel Hort
|
0-0: Foul Ball, location: 2F 0-1: Called Strike 0-2: Ball 1-2: Ball 2-2: Foul Ball, location: 2F 2-2: SINGLE (Groundball, 25, EV 64.4 MPH) (infield hit)
|
|
Batting: RHB Ryan Miller
|
0-0: Ball 1-0: Ball 2-0: Fly out, F8 (Flyball, 8RD, EV 104.4 MPH)
|
|
Pitching: RHP Nick Goodlow
|
|
|
Batting: SHB Orlando Torres
|
0-0: Ball 1-0: Ball 2-0: SINGLE (Groundball, 56D, EV 100.0 MPH) Karel Hort to second Runner from 2nd tries for 3rd, OUT! 7-5
|
| Bottom of the 7th over - 0 runs, 2 hits, 0 errors, 1 left on base; San Diego (APP) 7 - Helena 2 |
| TOP OF THE 8TH |
|
San Diego (APP) Padres batting - Pitching for Helena Brewers : LHP Jon Ortiz
|
|
Batting: RHB Kalidas Mishra
|
0-0: Foul Ball, location: 2F 0-1: Ball 1-1: Ball 2-1: Called Strike 2-2: Foul Ball, location: 2F 2-2: Ground out 6-3 (Groundball, 6, EV 84.4 MPH)
|
|
Batting: SHB Isaiah Scates
|
0-0: Ball 1-0: Ball 2-0: Swinging Strike 2-1: Foul Ball, location: 2F 2-2: Ball 3-2: Foul Ball, location: 2F 3-2: Base on Balls
|
|
Pitching: LHP Tim Phillips
|
|
|
Batting: RHB Bryan Pitcher
|
0-0: Ball 1-0: Called Strike 1-1: Called Strike 1-2: Ball 2-2: Ball 3-2: Foul Ball, location: 2F 3-2: Foul Ball, location: 2F 3-2: Fly out, F9 (Line Drive, 89M, EV 95.6 MPH)
|
|
Pitching: RHP Adam Robinson
|
|
|
Batting: RHB Ricardo Ortiz
|
0-0: Foul Ball, location: 2F 0-1: Ball 1-1: Foul Ball, location: 2F 1-2: Hit by Pitch Isaiah Scates to second
|
|
Batting: RHB Ed Oake
|
0-0: Fly out, F8 (Line Drive, 8RM, EV 98.1 MPH)
|
| Top of the 8th over - 0 runs, 0 hits, 0 errors, 2 left on base; San Diego (APP) 7 - Helena 2 |
| BOTTOM OF THE 8TH |
|
Helena Brewers batting - Pitching for San Diego (APP) Padres : RHP Nick Goodlow
|
|
Batting: LHB Greg Reedy
|
0-0: Called Strike 0-1: Swinging Strike 0-2: Strikes out looking
|
|
Batting: RHB Jose Cerritos
|
0-0: Swinging Strike 0-1: Ball 1-1: Reached on error, E6 (Groundball, 6M, EV 90.6 MPH)
|
|
Batting: RHB Alfredo Sena
|
0-0: Ball 1-0: Called Strike 1-1: Foul Ball, location: 2F 1-2: Strikes out looking
|
|
Batting: LHB Danny Bautista
|
0-0: Called Strike 0-1: Ball Wild Pitch! Jose Cerritos to second 1-1: Ball 2-1: Called Strike 2-2: Ground out 3-1 (Groundball, 3D, EV 107.5 MPH)
|
| Bottom of the 8th over - 0 runs, 0 hits, 1 error, 1 left on base; San Diego (APP) 7 - Helena 2 |
| TOP OF THE 9TH |
|
San Diego (APP) Padres batting - Pitching for Helena Brewers : RHP Adam Robinson
|
|
Batting: RHB Max Stillo
|
0-0: Ball 1-0: Fly out, F8 (Flyball, 8LM, EV 96.9 MPH)
|
|
Batting: RHB Elias Vences
|
0-0: Ground out U3 (Groundball, 34, EV 84.4 MPH)
|
|
Batting: RHB Aaron Joseph
|
0-0: Called Strike 0-1: Ball 1-1: Ball 2-1: Called Strike 2-2: Foul Ball, location: 2F 2-2: Ball 3-2: Strikes out swinging
|
| Top of the 9th over - 0 runs, 0 hits, 0 errors, 0 left on base; San Diego (APP) 7 - Helena 2 |
| BOTTOM OF THE 9TH |
|
Helena Brewers batting - Pitching for San Diego (APP) Padres : RHP Nick Goodlow
|
|
Batting: RHB Wiliama Dana
|
0-0: Called Strike 0-1: Called Strike 0-2: Foul Ball, location: 2F 0-2: Ball 1-2: Ball 2-2: Fly out, F6 (Flyball, 56D, EV 91.9 MPH)
|
|
Pitching: RHP Colin Dorsey
|
|
|
Batting: RHB Victor Alarcon
|
0-0: Ball 1-0: Ball 2-0: Ball 3-0: Called Strike 3-1: Base on Balls
|
|
Batting: LHB Karel Hort
|
0-0: Ball 1-0: Ball 2-0: Ball 3-0: Called Strike Pickoff Throw by Catcher to First - Out! 3-1: Base on Balls
|
|
Batting: RHB Ryan Miller
|
0-0: Swinging Strike 0-1: Called Strike 0-2: Strikes out looking
|
| Bottom of the 9th over - 0 runs, 0 hits, 0 errors, 1 left on base; San Diego (APP) 7 - Helena 2 |
|